Unix NetHack Version 5.0.0-0 post-release - last build Jun 10 2026 00:39:30 (3ee93aec679c4c4259841fe613dc97188e26a321,branch:main).

Game began 2026-06-13 13:24:21, ended 2026-06-13 13:39:07.

DiePARTEI, neutral female human Tourist

                   -----    ---
                   |....#   ..
                   |...|#   |.-  --------
                   |....####|.+  |(((|..
                   |..<| ###+.|  |(.]|..  |
                   +...| # #|.---|...||--.|
                   -----   #|....-|---....|
                           #|.............|
                           #|.....@..h@.{.----+--          |
                           #|..............................-
                           #|...--+---+-...........---+-   |
                           #|...|       ---.--------
                          ##|...|           |
                           #-...|
                           #|...-
                            |.....
                            -------

DiePARTEI the Sightseer     St:10 Dx:12 Co:18 In:13 Wi:8 Ch:14  Neutral
Dlvl:6  $:391 HP:0(52) Pw:15(15) AC:7  Xp:5 T:1374  Burdened

Latest messages:
 "Aloha, DiePARTEI!  Welcome to Izchak's lighting store!"
 "Will you please leave your pick-axe outside?"
 What do you want to drop? [$a-ceik-wyzB-FHIK-S or ?*] M
 You drop a pick-axe.
 "Aloha, DiePARTEI!  Welcome again to Izchak's lighting store!"
 You hear a door open.
 You hear someone praising Offler.
 You see here a lamp (for sale, 89 zorkmids).
 You see here a brass lantern (for sale, 16 zorkmids).
 (For instructions type a '?')
 Call a lamp: magic
 You see here a lamp (for sale, 13 zorkmids).
 The dwarf picks up a pick-axe.
 You see here a candle (for sale, 13 zorkmids).
 (For instructions type a '?')
 Call a lamp: oil
 You see here a lamp called magic (for sale, 89 zorkmids).
 "For you, honored lady; only 89 zorkmids for this lamp called magic."
 You have a little trouble lifting U - a lamp called magic (unpaid, 89 zorkmids).
 You bought a lamp called magic for 89 gold pieces.
 "Thank you for shopping in Izchak's lighting store!"
 You see here a brass lantern (for sale, 16 zorkmids).
 The dwarf wields a thonged club!
 The dwarf secures the tether on the thonged club.
 The dwarf wields a broad pick!
 The dwarf swings his broad pick.
 The dwarf hits!
 The dwarf swings his broad pick.
 The dwarf hits!
 The dwarf swings his broad pick.
 The dwarf hits!
 The dwarf wields a thonged club!
 The dwarf secures the tether on the thonged club.
 Izchak whispers something.
 Suddenly, a section of the wall closes up!
 In what direction? 9
 The dart hits the gnome!
 The dwarf wields a broad pick!
 The gnome hits!
 In what direction? 9
 You kill the gnome!
 You see here 2 blessed +2 darts.
 The dwarf swings his broad pick.
 The dwarf hits!
 The dwarf picks up 2 blessed +2 darts.
 The dwarf swings his broad pick.
 The dwarf hits!
 You die...
 Do you want your possessions identified? [ynq] (y) y
 Do you want to see your attributes? [ynq] (y) q

Inventory:
 Coins    ('$')
  $ - 391 gold pieces
 Amulets  ('"')
  o - an uncursed amulet of flying
 Weapons  (')')
  w - a cursed +0 sling
  a - 21 blessed +2 darts (at the ready)
  P - a +0 dart
  K - a poisoned +2 dart
  B - a +0 elven dagger
  r - 2 +0 orcish daggers
 Armor    ('[')
  v - an uncursed +0 orcish helm (being worn)
  L - an uncursed +0 pair of iron shoes (being worn)
  z - an uncursed +0 cloak of invisibility
  k - an uncursed +0 Hawaiian shirt with a sea turtle motif (being worn)
  S - an uncursed +0 banded mail
 Comestibles  ('%')
  c - an uncursed slime mold
  b - 8 uncursed food rations
  y - 2 uncursed fortune cookies
  e - 2 uncursed pancakes
 Scrolls  ('?')
  D - a cursed scroll of amnesia
  Q - an uncursed scroll of create monster
  E - a cursed scroll of enchant armor
  i - a blessed scroll of magic mapping
  C - an uncursed scroll of remove curse
 Spellbooks  ('+')
  F - an uncursed spellbook of extra healing
 Potions  ('!')
  t - an uncursed potion of enlightenment
 Rings    ('=')
  u - an uncursed ring of fire resistance (on left hand)
  I - an uncursed ring of regeneration (on right hand)
 Wands    ('/')
  s - a wand of sleep (0:3)
 Tools    ('(')
  m - an uncursed credit card
  l - an expensive camera (0:48)
  n - an uncursed leash
  U - an uncursed magic lamp
  O - an uncursed oil lamp
  R - an uncursed tallow candle
 Gems/Stones  ('*')
  N - an uncursed jasper stone
  p - 3 uncursed worthless pieces of green glass
  H - an uncursed worthless piece of orange glass
  q - an uncursed worthless piece of red glass

DiePARTEI the Tourist's attributes:

Background:
 You were a Sightseer, a level 5 female human Tourist.
 You were neutral, on a mission for The Lady
 who was opposed by Blind Io (lawful) and Offler (chaotic).
 You were right-handed.
 You were in the Gnomish Mines, on level 6.
 You entered the dungeon 1374 turns ago.
 You had 188 experience points, 132 more were needed to attain level 6.

Basics:
 You had 0 out of 52 hit points.
 You had all 15 energy points (spell power).
 Your armor class was 7.
 Your wallet contained 391 zorkmids.
 Autopickup was off.

Final Characteristics:
 Your strength was 10 (limit:18/100).
 Your dexterity was 12 (limit:18).
 Your constitution was 18 (limit:18).
 Your intelligence was 13 (limit:18).
 Your wisdom was 8 (limit:18).
 Your charisma was 14 (limit:18).

Final Status:
 You weren't hungry.
 You were burdened; movement was slightly slowed.
 You were bare handed.
 You were unskilled in bare handed combat.

Final Attributes:
 You were devoutly aligned.
 You were fire resistant.
 Your items were protected from fire.
 You regenerated.
 You are dead.

Miscellaneous:
 You didn't encounter any bones levels.
 Total elapsed playing time was 14 minutes and 44 seconds.

Major events:
 Turn
    1: DiePARTEI the neutral female human Tourist entered the dungeon
 1111: entered the Gnomish Mines
 1161: attained the rank of Sightseer (level 3)
 1323: reached Mine Town
 1374: killed by a dwarf

Spells:
 Name                 Level Category     Fail Retention
 extra healing          3   healing      100%  76%-100%

Skills:
 Fighting Skills
   bare handed combat [Unskilled]
   two weapon combat  [Unskilled]
   riding             [Unskilled]
 Weapon Skills
   dagger             [Unskilled]
   knife              [Unskilled]
   axe                [Unskilled]
   pick-axe           [Unskilled]
   short sword        [Unskilled]
   broadsword         [Unskilled]
   long sword         [Unskilled]
   two-handed sword   [Unskilled]
   saber              [Unskilled]
   mace               [Unskilled]
   morning star       [Unskilled]
   flail              [Unskilled]
   hammer             [Unskilled]
   quarterstaff       [Unskilled]
   polearms           [Unskilled]
   spear              [Unskilled]
   trident            [Unskilled]
   lance              [Unskilled]
   bow                [Unskilled]
   sling              [Unskilled]
   crossbow           [Unskilled]
   dart               [Basic]
   shuriken           [Unskilled]
   boomerang          [Unskilled]
   whip               [Unskilled]
   unicorn horn       [Unskilled]
 Spellcasting Skills
   divination spells  [Unskilled]
   enchantment spells [Unskilled]
   escape spells      [Unskilled]

Voluntary challenges:
 Character rerolling was not enabled.
 You never hit with a wielded weapon.
 You never genocided any monsters.
 You never polymorphed an object.
 You never changed form.
 You used no wishes.
Achievements:
 You entered the Gnomish Mines.
 You attained the rank of Sightseer.
 You entered Minetown.
 You entered a shop.

 The Dungeons of Doom: levels 1 to 4
    Level 1:
    Level 2:
    Level 3:
       An altar, a fountain.
       Stairs down to The Gnomish Mines.
    Level 4:
 The Gnomish Mines: levels 4 to 6
    Level 4:
    Level 5:
    Level 6: <- You were here.
       A lighting shop, a fountain.
       Final resting place for
          you, killed by a dwarf.


Vanquished creatures:
  3 gnome leaders
  a gnomish wizard
  3 dwarves
 an acid blob
  2 hobbits
  a yellow mold
  8 gnomes
  3 jackals
  a fox
  a kobold
  2 goblins
  5 grid bugs
  a bat
  4 lichens
  7 newts
43 creatures vanquished.

No species were genocided or became extinct.

Game over:
                       ----------
                      /          \
                     /    REST    \
                    /      IN      \
                   /     PEACE      \
                  /                  \
                  |    DiePARTEI     |
                  |      391 Au      |
                  |   killed by a    |
                  |      dwarf       |
                  |                  |
                  |                  |
                  |       2026       |
                 *|     *  *  *      | *
        _________)/\\_//(\/(/\)/\//\/|_)_______

Aloha DiePARTEI the Tourist...

You died in The Gnomish Mines on dungeon level 6 with 1073 points,
and 391 pieces of gold, after 1374 moves.
You were level 5 with a maximum of 52 hit points when you died.

